 Dungeon Crawl Stone Soup version 0.28.0-62-gf88900778d (webtiles) character file.

Game seed: 8344503588805047002

9876 Coron the Protected (level 11, -1/90 (106) HPs)
             Began as a Deep Dwarf Delver on Mar 30, 2023.
             Was a Priest of Makhleb.
             Slain by a spectral orc knight
             ... wielding a +0 great mace
             ... summoned by Nergalle
              (17 damage)
             ... on level 11 of the Dungeon.
             The game lasted 00:46:59 (10941 turns).

Coron the Protected (Deep Dwarf Delver)            Turns: 10941, Time: 00:47:00

HP:   -1/90 (106)   AC: 23    Str: 21    XL:     11   Next: 28%
MP:   3/3           EV: 16    Int: 10    God:    Makhleb [***...]
Gold: 692           SH:  5    Dex: 14    Spells: 10/10 levels left

rFire   . . .      SeeInvis .   C - +3 hand axe (vorpal)
rCold   + . .      Faith    .   (no shield)
rNeg    . . .      Spirit   .   Q - +0 plate armour
rPois   .          Reflect  +   B - +1 hat
rElec   .          Harm     .   h - +2 cloak
rCorr   .          Rampage  .   (no gloves)
Will    +....                   A - +2 pair of boots
Stlth   ..........              G - amulet "Haxzil" {Reflect rC+ SH+5}
HPRegen 0.00/turn               m - +4 ring of evasion
MPRegen 0.08/turn               L - +4 ring of evasion

@: hasted, heavily drained, invisible, very quick
A: damage resistance, heal wounds, sense surroundings 2, no regeneration
a: Heal Wounds, Renounce Religion, Minor Destruction, Lesser Servant of Makhleb


You were on level 11 of the Dungeon.
You worshipped Makhleb.
Makhleb was most pleased with you.
You visited 2 branches of the dungeon, and saw 12 of its levels.

You collected 692 gold pieces.

Inventory:

Hand Weapons
 a - a +0 hand axe
 C - a +3 vorpal hand axe (weapon)
 S - a +1 shortbow of flaming
Missiles
 k - 7 curare-tipped darts
 E - 37 poisoned darts (quivered)
 H - 3 atropa-tipped darts
 T - 116 arrows
Armour
 h - a +2 cloak (worn)
 x - a +0 chain mail
 z - an orb of mayhem
 A - a +2 pair of boots (worn)
 B - a +1 hat (worn)
 Q - a +0 plate armour (worn)
Jewellery
 f - a +6 ring of dexterity
 m - a +4 ring of evasion (left hand)
 G - the amulet "Haxzil" (around neck) {Reflect rC+ SH+5}
   (You found it on level 7 of the Dungeon)

   [amulet of reflection]

   It reflects blocked missile attacks.
   rC:        It protects you from cold.
   SH:        It affects your SH (+5).
 L - a +4 ring of evasion (right hand)
 O - a ring of protection from fire
Wands
 b - a wand of paralysis (7)
 g - a wand of digging (9)
 w - a wand of flame (11)
 F - a wand of mindburst (17)
 P - a wand of iceblast (3)
Scrolls
 c - 3 scrolls of fog
 d - 2 scrolls of magic mapping
 e - 3 scrolls of fear
 n - a scroll of enchant weapon {unknown}
 r - a scroll of enchant armour
 u - 2 scrolls of teleportation
 y - 4 scrolls of blinking
 I - 2 scrolls of amnesia
Potions
 l - 5 potions of curing
 s - a potion of heal wounds
 t - a potion of mutation
 v - a potion of might
 J - 3 potions of attraction
 K - a potion of brilliance
 M - a potion of ambrosia {unknown}
 N - a potion of flight
Miscellaneous
 D - a phantom mirror


   Skills:
 - Level 9.0 Fighting
 - Level 11.0 Axes
 + Level 11.4 Armour
 - Level 3.0 Dodging
 - Level 6.2 Stealth
 - Level 6.0 Evocations


You had 10 spell levels left.
You didn't know any spells.
Your spell library contained the following spells:

 Spells                   Type           Power      Damage    Failure   Level
 Animate Skeleton         Necr           0%         N/A       99%         1
 Apportation              Tloc           0%         N/A       99%         1
 Summon Small Mammal      Summ           0%         N/A       99%         1
 Corpse Rot               Necr/Air       0%         N/A       100%        2
 Dispel Undead            Necr           0%         3d6       100%        4
 Iskenderun's Battlesphe  Conj           0%         2d6       100%        5
 Summon Forest            Summ/Tloc      0%         N/A       100%        5
 Summon Mana Viper        Hex/Summ       0%         N/A       100%        5
 Death Channel            Necr           0%         N/A       100%        6
 Iron Shot                Conj/Erth      0%         9d1       100%        6
 Summon Cactus Giant      Summ           0%         N/A       100%        6
 Spellforged Servitor     Conj/Summ      0%         N/A       100%        7


Dungeon Overview and Level Annotations

Branches:
Dungeon (11/15)            Temple (1/1) D:6            Lair (0/6) D:10
    Orc: D:9-12

Altars:
Ashenzari
Cheibriados
Dithmenos
Elyvilon
Fedhas
Gozag
Hepliaklqana
Kikubaaqudgha
Makhleb
Nemelex Xobeh
Okawaru
Qazlal
Ru
Sif Muna
Trog
Uskayaw
Vehumet
Wu Jian
Xom
Yredelemnul
Zin
The Shining One

Portals:
Trove: D:10 (give 2 scrolls of acquirement)

Annotations:
D:6 1 runed translucent door, Coron's ghost, novice DDCj
D:7 2 transporters
D:10 exclusion: electric eel
D:11 Nergalle


Innate Abilities, Weirdness & Mutations

You are resistant to damage.
You can heal yourself by infusing magical energy.
You passively map the area around you.
You do not regenerate.


Message History

You barely miss the spectral orc warrior.
The spectral orc knight hits you with a +0 great mace!
* * * LOW HITPOINT WARNING * * *
Nergalle misses you.
The spectral orc warrior hits you with a +0 scimitar.
You feel drained.
You hit Nergalle. Your punch misses Nergalle.
Nergalle is heavily wounded.
You hit the spectral orc warrior but do no damage.
You hit the spectral orc knight but do no damage.
Nergalle hits you but does no damage.
Unknown command.
You slash Nergalle!
Nergalle is severely wounded.
You hit the spectral orc knight but do no damage.
You hit the spectral orc warrior.
The spectral orc knight barely misses you.
Nergalle barely misses you.
The spectral orc warrior hits you with a +0 scimitar.
You hit Nergalle but do no damage.
Nergalle is severely wounded.
You hit the spectral orc knight but do no damage.
You slash the spectral orc warrior! Nergalle hits you but does no damage.
You closely miss Nergalle.
Nergalle is severely wounded.
You hit the spectral orc warrior but do no damage.
You hit the spectral orc knight but do no damage.
The spectral orc knight barely misses you.
The spectral orc warrior hits you with a +0 scimitar.
You barely miss Nergalle.
Nergalle is severely wounded.
You hit the spectral orc warrior but do no damage.
You hit the spectral orc knight but do no damage.
Nergalle hits you but does no damage.
You hit Nergalle but do no damage. You punch Nergalle, but do no damage.
Nergalle is severely wounded.
You hit the spectral orc knight but do no damage.
You hit the spectral orc warrior.
The spectral orc knight hits you with a +0 great mace!!
You die...

#.............
,,,
#.............,
,
#..>..........
,
#.############
* #.# #.# #Z#
#o# #@#########
* * #ZZZ.......
,, #ZZ........
,
#..########***
#..# * #<.#
#..# #..# #..#


You could see Nergalle, 2 spectral orcs, 2 spectral orc warriors and 2 spectral
orc knights.

Vanquished Creatures
  A centaur warrior (D:10)
  A two-headed ogre (D:8)
  7 centaur zombies
  An unseen horror (D:10)
  3 wyverns
  8 yaks (D:10)
  2 vampire mosquitoes
  3 water moccasins
  2 sky beasts
  2 orc warriors (D:10)
  A black bear (D:4)
  An ogre (D:5)
  11 centaurs
  2 kobold brigands (D:8)
  Blork the orc (D:5)
  A gnoll sergeant (D:10)
  5 scorpions
  A water moccasin zombie (D:6)
  2 water moccasin skeletons
  8 killer bees
  13 wights
  2 howler monkeys
  3 electric eels (D:10)
  2 jellies (D:7)
  2 centaur skeletons
  An orc priest (D:9)
  2 hounds (D:5)
  6 iguanas
  2 gnoll shamans
  A scorpion zombie (D:5)
  7 orc wizards
  A howler monkey zombie (D:7)
  15 gnolls
  2 adders
  A shadow imp (D:6)
  A white imp (D:7)
  An ufetubus (D:6)
  An adder skeleton (D:4)
  5 worms
  3 dart slugs
  32 orcs
  5 bats
  2 endoplasms
  A giant cockroach (D:1)
  4 hobgoblins
  20 kobolds
  3 quokkas
  5 ball pythons
  2 frilled lizards
  11 goblins
  5 rats
224 creatures vanquished.

Vanquished Creatures (others)
  2 withered plants (D:6)
2 creatures vanquished.

Grand Total: 226 creatures vanquished

Notes
Turn   | Place    | Note
-------+----------+-------------------------------------------
     0 | D:5      | Coron the Deep Dwarf Delver began the quest for the Orb.
     0 | D:5      | Reached XP level 1. HP: 20/20 MP: 1/1
    24 | D:5      | Noticed an ogre
   289 | D:2      | Reached XP level 2. HP: 25/27 MP: 2/2
   842 | D:1      | Reached skill level 1 in Armour
   850 | D:1      | Reached XP level 3. HP: 31/34 MP: 3/3
  2009 | D:3      | Found a faded altar of an unknown god.
  2400 | D:4      | Reached XP level 4. HP: 25/42 MP: 4/4
  2832 | D:4      | Reached XP level 5. HP: 39/49 MP: 5/5
  2855 | D:4      | Noticed a black bear
  2871 | D:4      | HP: 1/49 [black bear (6)]
  2876 | D:4      | Killed a black bear
  3128 | D:4      | Reached skill level 5 in Axes
  3128 | D:4      | Reached XP level 6. HP: 21/56 MP: 4/4
  3499 | D:5      | Reached skill level 5 in Armour
  3555 | D:5      | Noticed a water moccasin
  3685 | D:5      | Reached XP level 7. HP: 22/64 MP: 3/3
  3689 | D:5      | Noticed Blork the orc
  3718 | D:5      | Killed Blork the orc
  4315 | D:6      | Found a staircase to the Ecumenical Temple.
  4326 | Temple   | Entered the Ecumenical Temple
  4330 | Temple   | Reached skill level 5 in Fighting
  4543 | Temple   | Became a worshipper of Makhleb the Destroyer
  4874 | D:6      | Reached XP level 8. HP: 60/74 MP: 2/2
  4887 | D:6      | Reached skill level 1 in Evocations
  5204 | D:6      | Found a runed translucent door.
  5204 | D:6      | Noticed Coron's ghost (novice DDCj)
  5636 | D:7      | Found a sacrificial altar of Ru.
  5754 | D:7      | Identified the amulet "Haxzil" {Reflect rC+ SH+5}
  5774 | D:7      | Reached * piety under Makhleb
  5880 | D:7      | Gained mutation: You passively map the area around you.
                  | [Deep Dwarf growth]
  5880 | D:7      | Reached XP level 9. HP: 55/82 MP: 2/2
  6342 | D:7      | Found a transporter.
  6685 | D:7      | Found a transporter.
  7021 | D:8      | Noticed a two-headed ogre
  7032 | D:8      | Killed a two-headed ogre
  7234 | D:8      | Reached ** piety under Makhleb
  7235 | D:8      | Reached skill level 10 in Axes
  7584 | D:8      | Reached XP level 10. HP: 48/96 MP: 3/3
  8400 | D:9      | Noticed a two-headed ogre
  8741 | D:9      | Reached skill level 5 in Evocations
  9051 | D:10     | Entered Level 10 of the Dungeon
  9315 | D:10     | HP: 3/99 [electric eel/bolt of electricity (8)]
  9357 | D:10     | Reached *** piety under Makhleb
  9888 | D:10     | Reached skill level 10 in Armour
  9888 | D:10     | Reached XP level 11. HP: 29/106 MP: 4/4
 10074 | D:10     | Identified the +1 robe "Fuok" {rF+++ Will- Int+4 Archmagi}
 10111 | D:10     | Found a staircase to the Lair.
 10193 | D:10     | Found a portal to a secret trove of treasure.
 10461 | D:10     | Noticed a centaur warrior
 10483 | D:10     | Killed a centaur warrior
 10773 | D:11     | Noticed a five-headed hydra
 10885 | D:11     | Noticed Nergalle
 10941 | D:11     | Slain by a spectral orc knight

Illustrated notes

Levels and vault maps discovered:
D:1:      nicolae_arrival_washed_ashore, layout_loops_ring, minivault_19,
          minmay_misc_feat_secret_circle, chequers_hall_statues_wall_a,
          supply_closet_lemuel
D:2:      layout_basic
D:3:      layout_basic, shapermc_ecumenical_altar_mp_vishouse
D:4:      layout_layer_cave, cheibrodos_sewer_entry_bend, hex_tiny,
          minmay_goblin_outpost
D:5:      layout_basic, serial_curves, eino_curves_03, eino_curves_03,
          eino_curves_04, nicolae_fountain_basement, uniq_blork_the_orc
D:6:      layout_loops_cross, minmay_temple_entry_stoned_glass,
          gammafunk_ghost_grave, minmay_joined_circles
D:7:      gammafunk_cloud_chamber, layout_basic,
          nicolae_ru_the_path_less_chosen, hangedman_minor_gate_pass
D:8:      layout_layer_cave
D:9:      layout_irregular_city
D:10:     layout_basic, lair_entry_dummy, enter_trove_6, st_stairs_4,
          kennysheep_small_circle
D:11:     layout_long_grid, erik_orc_2, minmay_diced_spiral, uniq_nergalle,
          uniq_erica
Temple:   mainiacjoe_temple_starburst

Skill      XL: |  1  2  3  4  5  6  7  8  9 10 11 |
---------------+----------------------------------+-----
Fighting       | 3 4 5 6 7 9 |  9.0
Armour         | 1 2 4 5 6 8 10 11 | 11.4
Axes           | 3 5 6 7 10 11 | 11.0
Evocations     | 3 4 5 6 |  6.0
Dodging        | 3 |  3.0
Stealth        | |  6.2

Action                   |  1- 3 |  4- 6 |  7- 9 | 10-12 || total
-------------------------+-------+-------+-------+-------++-------
Melee: Hand axe          |    89 |   150 |   337 |   387 ||   963
       Punch             |     3 |     1 |    11 |     4 ||    19
 Fire: Hunting sling     |    62 |    38 |    15 |     8 ||   123
Throw: Dart              |       |       |     8 |    13 ||    21
 Abil: Heal Wounds       |       |     7 |     9 |     4 ||    20
Evoke: Wand              |       |       |    12 |     4 ||    16
  Use: Scroll            |     1 |     1 |     6 |     8 ||    16
       Potion            |       |       |     5 |     2 ||     7
 Stab: Sleeping          |     6 |     4 |       |       ||    10
       Invisible         |       |       |     7 |       ||     7
Armor: Leather armour    |    28 |       |       |       ||    28
       Ring mail         |       |    74 |       |       ||    74
       Scale mail        |       |     8 |    48 |       ||    56
       Chain mail        |       |       |    93 |    61 ||   154
       Plate armour      |       |       |       |   123 ||   123
Dodge: Dodged            |    58 |    95 |   220 |   284 ||   657
Block: Other             |       |       |    44 |    96 ||   140
       Reflection        |       |       |     1 |     1 ||     2
